AoeStats
← EsepeEle

Arabia

510013391Analyzed
1v1 RM · 4d ago on Sep 29, 2026· 75m 41s· 2 players
Game mode
Random Map
Map size
Tiny (2 player)
Population
200
Speed
Normal
Resources
Standard
Victory
Conquest
Starting age
Dark Age
Ending age
Imperial Age
RankedLock teamsTeams togetherTeam positionsShared explorationLock speedFull tech treeHidden civsTurbo modeCheats
Victory
Defeat
🇦🇷 Huns · Argentina
571
+16
🇨🇱 Turks · Chile
568
-16
EsepeEle
1:57 Loom
11:18 Feudal Age
19:18 Castle Age
17:47 Double-Bit Axe
18:45 Gold Mining
19:12 Fletching
20:18 Bodkin Arrow
21:43 Town Watch
22:56 Padded Archer Armor
30:40 Bloodlines
31:43 Scale Barding Armor
31:58 Leather Archer Armor
34:29 Wheelbarrow
38:00 Hand Cart
41:36 Imperial Age
40:32 Bow Saw
41:29 Ballistics
41:36 Chain Barding Armor
43:22 Conscription
43:17 Heavy Camel Rider
46:12 Hoardings
46:05 Forging
46:50 Murder Holes
47:51 Masonry
58:14 Plate Barding Armor
58:50 Two-Man Saw
61:16 Gold Shaft Mining
60:24 Horse Collar
64:56 Scale Mail Armor
65:31 Iron Casting
73:14 Artillery
74:20 Blast Furnace
73:21 Bracer
73:54 Architecture
Lucierna111
8:11 Loom
10:07 Feudal Age
10:50 Horse Collar
11:51 Double-Bit Axe
12:23 Stone Mining
15:08 Gold Mining
20:10 Wheelbarrow
20:18 Town Watch
23:56 Castle Age
22:52 Scale Barding Armor
24:14 Bloodlines
24:38 Forging
26:04 Hand Cart
25:45 Fletching
26:00 Husbandry
25:21 Light Cavalry
27:56 Town Patrol
30:01 Heavy Plow
33:57 Gold Shaft Mining
33:56 Chain Barding Armor
35:08 Murder Holes
35:34 Ballistics
35:14 Bodkin Arrow
36:33 Fervor
39:07 Marauders
40:15 Iron Casting
40:48 Bow Saw
44:38 Masonry
55:29 Imperial Age
57:55 Conscription
58:11 Atheism
59:16 Elite Tarkan
60:49 Plate Barding Armor
62:53 Blast Furnace
64:28 Guilds
65:22 Bracer
Connection lost

Rejoining the realm…

Still unreachable

The connection could not be restored.

Session expired

The server has moved on; the page needs a fresh start.